 Dungeon Crawl Stone Soup version 0.30-a0-777-ga9a30cbeda (webtiles) character file.

Game seed: 1186409588971844691

4638 XudoQuotil the Grappler (level 10, -2/98 HPs)
             Began as a Troll Berserker on Feb 9, 2023.
             Was an Elder of Trog.
             Killed from afar by an electric eel (6 damage)
             ... with a bolt of electricity
             ... on level 10 of the Dungeon on Feb 13, 2023.
             The game lasted 00:28:36 (4939 turns).

XudoQuotil the Grappler (Troll Berserker)           Turns: 4939, Time: 00:28:37

Health: -2/98      AC:  6    Str: 38    XL:     10   Next: 20%
Magic:  9/9        EV: 12    Int:  9    God:    Trog [****..]
Gold:   149        SH:  0    Dex: 11    Spells: 9/9 levels left

rFire   . . .      SeeInvis .      - Unarmed
rCold   . . .      Faith    .    (no shield)
rNeg    + + .      Spirit   .    y - +2 robe {rN+}
rPois   .          Reflect  .    (helmet restricted)
rElec   .          Harm     .    (no cloak)
rCorr   .          Rampage  .    (gloves unavailable)
Will    +....                    (boots unavailable)
Stlth   +                        j - amulet of the acrobat
HPRegen 1.16/turn                m - +6 ring of intelligence
MPRegen 0.11/turn                n - ring "Fiutrusk" {rN+ Will+ Str+7 Dex+2 Stlth-}

@: lethally poisoned (-2 -> -2), on berserk cooldown, slowed, very slow
A: large, unfitting armour, claws 3, regeneration 1, shaggy fur 1, tough skin 1
a: Renounce Religion, Berserk, Trog's Hand, Brothers in Arms


You were on level 10 of the Dungeon.
You worshipped Trog.
Trog was greatly pleased with you.
You visited 2 branches of the dungeon, and saw 11 of its levels.
You also visited: Sewer.

You collected 294 gold pieces.
You spent 145 gold pieces at shops.

Inventory:

Hand Weapons
 l - a +0 dagger
 t - a +7 mace of freezing
Missiles
 h - a throwing net (quivered)
 p - 3 curare-tipped darts
Armour
 a - a +0 animal skin
 g - a +1 pair of gloves
 u - a +0 robe
 y - a +2 robe of positive energy (worn)
Magical Staves
 v - a staff of air
Jewellery
 j - an amulet of the acrobat (around neck)
 m - a +6 ring of intelligence (left claw)
 n - the ring "Fiutrusk" (right claw) {rN+ Will+ Str+7 Dex+2 Stlth-}
   (You found it on level 3 of the Dungeon)

   [ring of positive energy]

   Str:       It affects your strength (+7).
   Dex:       It affects your dexterity (+2).
   rN:        It protects you from negative energy.
   Will:      It increases your willpower.
   Stlth:     It makes you less stealthy.
Wands
 o - a wand of polymorph (6)
 x - a wand of flame (11)
Scrolls
 q - a scroll of enchant armour
 s - 3 scrolls of identify
 w - a scroll of brand weapon
 B - a scroll of blinking {unknown}
Potions
 b - a potion of degeneration {unknown}
 c - 2 potions of brilliance {unknown}
 e - 3 potions of lignification {unknown}
 f - a potion of might {unknown}
 i - 2 potions of heal wounds {unknown}
 k - a potion of curing {unknown}
 r - a potion of invisibility {unknown}
 z - a potion of mutation {unknown}
 A - a potion of experience {unknown}


   Skills:
 + Level 5.7 Fighting
 + Level 1.2 Maces & Flails
 + Level 6.8 Dodging
 + Level 1.2 Stealth
 + Level 11.4 Unarmed Combat


You had 9 spell levels left.
You didn't know any spells.
Your spell library contained the following spells:

 Spells                   Type           Power      Damage    Failure   Level
 Sting                    Tmut/Pois      0%         1d3       38%         1
 Poisonous Vapours        Pois/Air       0%         N/A       52%         2
 Vhi's Electric Charge    Tloc/Air       0%         N/A       77%         3
 Olgreb's Toxic Radiance  Pois           0%         N/A       99%         4
 Arcjolt                  Conj/Air       0%         1d10      100%        5
 Maxwell's Capacitive Co  Air            0%         ∞         100%        8


Dungeon Overview and Level Annotations

Branches:
Dungeon (10/15)            Temple (1/1) D:4           Sewer (visited)
   Lair: D:8-11         Orc: D:9-12

Altars:
Dithmenos
Elyvilon
Fedhas
Hepliaklqana
Kikubaaqudgha
Makhleb
Nemelex Xobeh
Okawaru
Qazlal
Ru
Sif Muna
Trog
Uskayaw
Wu Jian
Xom
Yredelemnul
The Shining One

Shops:
D:8 [?


Innate Abilities, Weirdness & Mutations

You are too large for most types of armour.
You have claws for hands.
Your natural rate of healing is unusually fast.
You are covered in fur. (AC +1)
You have tough skin. (AC +1)


Message History

You kill the killer bee!
Trog accepts your kill. The killer bee completely misses you.
The electric eel shoots out a bolt of lightning at you!
The bolt of electricity hits you.
* * * LOW HITPOINT WARNING * * *
You feel sick. The killer bee closely misses you.
You see here a killer bee corpse.
You miss the killer bee. The killer bee stings you.
* * * LOW HITPOINT WARNING * * *
You are more poisoned.
The killer bee poisons you!
You scratch the killer bee.
The killer bee is moderately wounded.
You feel sick.
The electric eel shoots out a bolt of lightning at you!
The bolt of electricity hits you!
* * * LOW HITPOINT WARNING * * *
The killer bee stings you.
* * * LOW HITPOINT WARNING * * *
You are more poisoned.
The killer bee poisons you!
You closely miss the killer bee. You claw the killer bee!
You kill the killer bee!
Trog accepts your kill.
You feel sick.
You feel sick.
The electric eel shoots out a bolt of lightning at you!
The bolt of electricity hits you!
* * * LOW HITPOINT WARNING * * *
You feel a strong urge to attack something.
You feel sick.
You are no longer berserk.
You are exhausted.
You feel yourself slow down.
You feel sick.
It was a potion of magic.
Magic courses through your body.
You feel very sick.
The electric eel shoots out a bolt of lightning at you!
The bolt of electricity hits you.
You die...

≈≈≈≈≈≈≈S≈≈≈≈≈≈≈≈≈≈≈≈≈≈
≈≈≈≈≈≈≈≈≈≈≈≈≈≈≈≈≈≈≈≈≈≈
≈≈≈≈≈≈≈≈≈≈≈≈≈≈≈≈≈≈≈≈≈≈
≈≈≈≈S≈≈≈≈≈≈≈≈≈≈≈≈≈≈≈≈~..
≈≈≈≈≈≈≈≈≈≈≈≈≈≈≈≈≈≈≈≈# .#
≈≈≈≈≈≈≈≈≈≈≈≈≈≈≈≈~≈# .#
≈≈≈≈≈≈≈~~≈≈~S~†~≈.####.###
#######.###.#..##.##.....
#.#@..††.........###
#........##.##......
#######...........#
#########.### #.####
#.##.. ##..... #......
#.##...


You could see an electric eel.

Vanquished Creatures
  Grinder (D:3)
  3 wyverns (D:9)
  3 water moccasins
  An acid dragon (D:10)
  2 orc warriors
  3 black bears
  2 ice beasts
  3 centaurs
  7 kobold brigands
  A scorpion (D:6)
  4 necrophages
  A water moccasin zombie (D:4)
  11 wights
  4 killer bees (D:10)
  An electric eel (D:10)
  2 howler monkeys (D:9)
  A bullfrog zombie (D:4)
  A human zombie (D:4)
  5 hounds
  A jelly (D:5)
  5 orc priests
  5 iguanas
  A scorpion zombie (D:4)
  Natasha (twice) (D:3)
  2 orc wizards
  A howler monkey zombie (D:4)
  A mummy (D:4)
  A gnoll (D:4)
  16 adders
  2 river rats (Sewer)
  2 white imps
  An ufetubus (D:7)
  4 worms
  A dart slug (D:5)
  11 orcs
  8 endoplasms
  5 giant cockroaches
  7 hobgoblins
  2 quokkas
  6 ball pythons
  2 bats
  2 frilled lizards (D:3)
  6 goblins
  30 kobolds
  5 rats
  A bush (D:1)
186 creatures vanquished.

Vanquished Creatures (others)
  A killer bee (D:10)
  8 plants (D:1)
9 creatures vanquished.

Grand Total: 195 creatures vanquished

Notes
Turn   | Place    | Note
-------+----------+-------------------------------------------
     0 | D:1      | XudoQuotil the Troll Berserker began the quest for the Orb.
     0 | D:1      | Reached XP level 1. HP: 22/22 MP: 0/0
   596 | D:1      | Reached XP level 2. HP: 26/29 MP: 1/1
   659 | D:2      | Reached XP level 3. HP: 32/36 MP: 2/2
   689 | D:2      | Upgraded the game from 0.30-a0-757-ga6a79fd877 to
                  | 0.30-a0-777-ga9a30cbeda
   742 | D:3      | Found a bloodstained altar of Trog.
   806 | D:3      | Noticed Natasha
   814 | D:3      | Killed Natasha
   815 | D:3      | Reached XP level 4. HP: 20/45 MP: 3/3
   855 | D:3      | Noticed Natasha
   866 | D:3      | Killed Natasha
   914 | D:3      | Noticed Grinder
   920 | D:3      | Killed Grinder
   921 | D:3      | Reached skill level 4 in Unarmed Combat
   921 | D:3      | Reached XP level 5. HP: 54/54 MP: 4/4
   921 | D:3      | Reached XP level 6. HP: 62/62 MP: 5/5
   937 | D:3      | Reached ** piety under Trog
   951 | D:3      | Identified the ring "Fiutrusk" {rN+ Will+ Str+7 Dex+2
                  | Stlth-}
   972 | D:3      | Found a glowing drain.
   990 | Sewer    | Entered a sewer
  1136 | Sewer    | Reached skill level 5 in Unarmed Combat
  1435 | Sewer    | Reached XP level 7. HP: 69/70 MP: 6/6
  2013 | D:4      | Reached skill level 6 in Unarmed Combat
  2272 | D:4      | Found a staircase to the Ecumenical Temple.
  2282 | Temple   | Entered the Ecumenical Temple
  2508 | D:4      | Found an iron altar of Okawaru.
  2666 | D:4      | Reached XP level 8. HP: 79/79 MP: 7/7
  2669 | D:4      | Reached skill level 7 in Unarmed Combat
  2700 | D:4      | Found a basalt altar of Yredelemnul.
  2717 | D:4      | Reached skill level 5 in Dodging
  2755 | D:5      | Entered Level 5 of the Dungeon
  2895 | D:5      | Reached *** piety under Trog
  2912 | D:5      | Reached skill level 8 in Unarmed Combat
  3180 | D:5      | Found a hide-covered altar of Uskayaw.
  3347 | D:6      | Found a hazy altar of Hepliaklqana.
  3349 | D:6      | Found a sacrificial altar of Ru.
  3349 | D:6      | Found a sparkling altar of Nemelex Xobeh.
  3351 | D:6      | Found a shimmering altar of Xom.
  3351 | D:6      | Found a sacrificial altar of Ru.
  3351 | D:6      | Found a shimmering altar of Xom.
  3562 | D:6      | Reached skill level 5 in Fighting
  3583 | D:6      | Found a burning altar of Makhleb.
  3618 | D:6      | Reached skill level 9 in Unarmed Combat
  3687 | D:6      | Reached XP level 9. HP: 73/88 MP: 8/8
  3978 | D:7      | Reached skill level 1 in Stealth
  4102 | D:7      | Found a stormy altar of Qazlal.
  4107 | D:7      | Reached skill level 1 in Maces & Flails
  4289 | D:8      | Found Ciuhe's Armour Emporium.
  4296 | D:8      | Reached skill level 10 in Unarmed Combat
  4306 | D:8      | Bought a +1 robe of positive energy for 145 gold pieces
  4343 | D:8      | Found Saumei's Magic Scroll Shop.
  4344 | D:8      | You fall into a shaft and drop 1 floor!
  4401 | D:9      | Reached **** piety under Trog
  4564 | D:9      | Reached XP level 10. HP: 73/97 MP: 9/9
  4671 | D:9      | Reached skill level 11 in Unarmed Combat
  4857 | D:10     | Entered Level 10 of the Dungeon
  4939 | D:10     | HP: 4/98 [poisoned by a killer bee]
  4939 | D:10     | Killed from afar by an electric eel

Illustrated notes

Levels and vault maps discovered:
D:1:      spicycebolla_arrival_clurvy, layout_loops_ring, serial_forest,
          infiniplex_forest_lined_ring, infiniplex_forest_clump_medium,
          infiniplex_forest_straight_4, infiniplex_forest_straight_2,
          infiniplex_forest_clump_small
D:2:      layout_rooms, basic_altar
D:3:      layout_loops_cross, general_overflow_altar, portal_sewer_entry_f,
          uniq_natasha, uniq_grinder
D:4:      kennysheep_kobold_camp, layout_basic, okawaru_altar_gauntlet_db,
          lemuel_mausoleum_altar_yredelemnul, minmay_temple_entry_junction
D:5:      layout_loops_ring, marbit_many_paths
D:6:      layout_basic, doesnt_xom_only_xom, mainiacjoe_overflow_brackets,
          vehumet_statue, dk_vineyard_1, uniq_duvessa
D:7:      layout_basic, nicolae_qazlal_eye_of_the_storm,
          mainiacjoe_overflow_swirl, overflow_temple_1_default
D:8:      layout_basic, serial_shops, shop, nicolae_shop_bloodbath_and_beyond,
          nicolae_stop_n_shop_1, shop, nicolae_shop_advertising_works
          [nicolae_subvault_shop_adworks], kennysheep_pointless_box,
          supply_closet_lemuel
D:9:      layout_long_grid
D:10:     lemuel_ice_spiral_2, layout_basic, nicolae_gozag_zags_fifth_avenue,
          serial_shops, nicolae_inconvenience_store
Temple:   eino_temple_lava

Skill      XL: |  1  2  3  4  5  6  7  8  9 10 |
---------------+-------------------------------+-----
Fighting       | 3 4 5 |  5.7
Dodging        | 3 4 5 6 |  6.8
Unarmed Combat | 4 5 6 9 10 11 | 11.4
Stealth        | 1 |  1.2
Maces & Flails | 1 |  1.2

Action                     |  1- 3 |  4- 6 |  7- 9 | 10-12 || total
---------------------------+-------+-------+-------+-------++-------
  Melee: Unarmed           |    99 |    81 |   312 |    29 ||   521
         Punch             |     5 |     1 |     9 |     2 ||    17
         Mace              |       |       |    15 |       ||    15
 Invoke: Berserk           |     1 |     1 |    13 |     1 ||    16
         Trog's Hand       |       |       |     1 |       ||     1
    Use: Scroll            |     1 |       |    10 |       ||    11
         Potion            |       |       |       |     1 ||     1
 Armour: Animal skin       |    29 |    21 |    68 |       ||   118
         Robe              |       |       |     6 |     5 ||    11
  Dodge: Dodged            |    38 |    39 |   198 |    31 ||   306

Table legend: (Time is in decaauts)
 A = Elapsed time spent in this place.
 B = Non-inter-level travel time spent in this place.
 C = Inter-level travel time spent in this place.
 D = Time resting spent in this place.
 E = Time spent auto-exploring this place.
 F = Levels seen in this place.
 G = Mean time per level.
                   A        B        C        D        E       F      G
               +--------+--------+--------+--------+--------+-----+--------+
         Total |   5007 |   4982 |     25 |      0 |      0 |  12 |  417.2 |
       Dungeon |   4202 |   4177 |     25 |      0 |      0 |  10 |  420.2 |
        Temple |    127 |    127 |      0 |      0 |      0 |   1 |  127.0 |
         Sewer |    677 |    677 |      0 |      0 |      0 |   1 |  677.0 |
               +--------+--------+--------+--------+--------+-----+--------+

Top non-repeatable levels by time:
   Sewer: 677 daAuts
     D:4: 666 daAuts
     D:1: 602 daAuts
     D:6: 601 daAuts
     D:3: 599 daAuts
     D:5: 550 daAuts
     D:9: 528 daAuts
     D:7: 429 daAuts
  Temple: 127 daAuts
     D:2: 104 daAuts
    D:10: 74 daAuts
     D:8: 46 daAuts
